AoeStats
← 只会打步弓

Arabia

508255421Analyzed
1v1 RM · 10d ago on Sep 21, 2026· 36m 52s· 2 players
Game mode
Random Map
Map size
Tiny (2 player)
Population
200
Speed
Normal
Resources
Standard
Victory
Conquest
Starting age
Dark Age
Ending age
Imperial Age
RankedLock teamsTeams togetherTeam positionsShared explorationLock speedFull tech treeHidden civsTurbo modeCheats
Victory
Defeat
🇨🇭 Vietnamese · Switzerland
1854
+19
🇨🇳 Mapuche · China
1927
-19
nlp
4:43 Loom
9:17 Feudal Age
10:09 Double-Bit Axe
10:54 Horse Collar
15:02 Wheelbarrow
19:16 Castle Age
18:02 Fletching
18:31 Padded Archer Armor
19:25 Elite Skirmisher
20:04 Bodkin Arrow
22:10 Leather Archer Armor
33:23 Imperial Age
32:21 Ballistics
35:08 Chemistry
34:09 Bracer
36:31 Ring Archer Armor
36:07 Thumb Ring
只会打步弓
6:41 Loom
9:24 Feudal Age
10:02 Double-Bit Axe
9:57 Horse Collar
13:48 Fletching
17:17 Padded Archer Armor
20:08 Castle Age
20:10 Elite Skirmisher
20:48 Bodkin Arrow
21:31 Leather Archer Armor
24:38 Wheelbarrow
25:04 Ballistics
35:25 Imperial Age
33:13 Gold Mining
34:37 Bow Saw
34:28 Heavy Plow
35:38 Masonry
35:34 Champi Runner
36:54 Conscription
36:35 Champi Warrior
Connection lost

Rejoining the realm…

Still unreachable

The connection could not be restored.

Session expired

The server has moved on; the page needs a fresh start.